Thunder vs Influenza
Created - November 5, 2017 at 19:09
Goals
|
Thunder |
1 |
1 |
1 |
3 |
Influenza |
0 |
3 |
3 |
6 |
|
Shots
|
Thunder |
15 |
9 |
8 |
32 |
Influenza |
9 |
19 |
10 |
38 |
|
1st period
1. Thunder , Scott Parse 1 (Adam Hall 10, Melker Karlsson 6) at 19:05
Penalties :
Scott Parse (TRO) for Roughing (Minor) at 6:51, Dmitry Sinitsyn (VJB) for Hooking (Minor) at 10:27, Jeremy Morin (VJB) for Holding (Minor) at 14:58
2nd period
2. Influenza , T.J Galiardi 9 (Matt Corrente 7, Charlie Coyle 6) at 0:43
3. Influenza , Iiro Pakarinen 3 (Mark Olver 1, Morgan Rielly 2) at 10:49
4. Thunder , Scott Parse 2 (Unassisted) at 12:44
5. Influenza , Mark Scheifele 7 (Beau Bennett 3) at 13:41 (PP)
Penalties :
Adam Hall (TRO) for Slashing (Minor) at 13:07, Scott Parse (TRO) for Hooking (Minor) at 15:43, Jared Staal (TRO) for Hooking (Minor) at 18:20
3rd period
6. Influenza , Beau Bennett 3 (T.J Galiardi 7) at 4:14
7. Influenza , Beau Bennett 4 (T.J Galiardi 8, Mathieu Carle 10) at 6:59
8. Thunder , Pierre-Alexandre Parenteau 5 (Dany Roussin 9, Daultan Leveillé 3) at 8:59
9. Influenza , Jordan Schroeder 2 (Paul Ladue 3) at 9:27
Penalties :
Teuvo Teravainen (VJB) for Interference (Minor) at 4:41, Evgeny Kuznetsov (TRO) for High sticking (Minor) at 10:31, Dany Roussin (TRO) for Hooking (Minor) at 18:20
Goalie Stats
Devan Dubnyk (TRO), 32 saves from 38 shots - (0.842), L, 2-4-2, 60:00 minutes
Thomas McCollum (VJB), 29 saves from 32 shots - (0.906), W, 6-2-0, 60:00 minutes
Players Stats for Thunder
Player Name G A P +/- PIM S H SB GA TA FO MP PP MP PK MP
------------------------------------------------------------------------------------
Adam Hall 0 1 1 1 2 4 0 0 1 2 1/3 19:50 3:17 1:53
Austin Wuthrich 0 0 0 0 0 0 0 0 0 0 1/2 3:32 0:00 3:08
Brett Festerling 0 0 0 -1 0 1 0 0 0 0 0/0 8:00 0:00 0:00
Dany Roussin 0 1 1 -1 2 4 0 0 0 1 0/0 20:11 2:40 4:31
Daultan Leveillé 0 1 1 -1 0 0 1 0 0 0 3/8 14:23 2:40 0:00
David Fischer 0 0 0 -2 0 4 2 3 1 1 0/0 28:18 3:36 6:10
David Wolf 0 0 0 -2 0 0 1 0 0 0 0/0 11:49 0:00 2:30
Dougie Hamilton 0 0 0 0 0 1 0 0 0 0 0/0 19:12 2:21 3:59
Evgeny Kuznetsov 0 0 0 -2 2 2 0 0 0 1 2/6 11:59 0:00 2:11
Gianluca Curcuruto 0 0 0 0 0 0 0 0 0 0 0/0 4:29 0:00 0:00
Jared Staal 0 0 0 0 2 1 0 0 0 0 0/1 7:16 0:00 0:00
Joe Labate 0 0 0 0 0 1 2 0 1 0 3/4 6:53 0:00 0:00
Joey Ryan 0 0 0 0 0 1 0 0 0 1 0/0 19:12 2:21 3:59
Ludwig Bystrom 0 0 0 -1 0 1 0 1 0 0 0/0 7:54 0:00 0:01
Mark Stone 0 0 0 -2 0 1 0 0 0 0 0/0 9:19 0:00 0:00
Melker Karlsson 0 1 1 1 0 0 0 2 2 0 11/32 17:58 3:17 0:00
Nikolay Prokhorkin 0 0 0 0 0 0 1 0 0 0 0/0 7:14 0:00 0:21
Peter Andersson 0 0 0 1 0 0 0 1 0 0 0/0 4:30 0:00 0:00
Pierre-Alexandre Parente 1 0 1 -1 0 2 1 0 1 1 0/0 16:16 2:40 1:53
Roman Josi 0 0 0 -2 0 4 0 4 0 0 0/0 28:24 3:36 6:09
Scott Parse 2 0 2 1 4 5 3 2 0 4 2/7 22:49 3:17 3:35
Thomas Spelling 0 0 0 0 0 0 0 0 0 0 0/0 0:00 0:00 0:00
Zach Stepan 0 0 0 0 0 0 0 0 0 0 0/0 0:16 0:00 0:16
Players Stats for Influenza
Player Name G A P +/- PIM S H SB GA TA FO MP PP MP PK MP
------------------------------------------------------------------------------------
Beau Bennett 2 1 3 2 0 4 2 0 1 0 0/0 16:15 4:27 0:00
Charlie Coyle 0 1 1 2 0 0 0 0 0 0 8/13 18:54 5:38 1:28
Dmitry Sinitsyn 0 0 0 -1 2 1 0 0 0 1 0/0 17:28 0:00 0:00
Iiro Pakarinen 1 0 1 -1 0 2 2 0 0 0 1/1 10:15 0:00 0:00
Jeremy Morin 0 0 0 0 2 3 1 1 1 0 0/1 22:19 5:42 2:14
Jimmy Vesey 0 0 0 -1 0 0 2 0 1 0 0/0 11:58 0:00 1:36
Jordan Schroeder 1 0 1 1 0 3 0 0 0 0 4/7 8:00 0:04 0:27
Lane MacDermid 0 0 0 1 0 1 3 0 0 1 0/0 12:28 4:27 1:18
Mark Olver 0 1 1 -1 0 4 1 0 1 0 4/4 10:11 0:00 0:00
Mark Scheifele 1 0 1 0 0 4 3 0 2 1 18/31 22:12 4:27 3:23
Mathieu Carle 0 1 1 0 0 4 0 1 0 0 0/0 29:38 6:33 3:32
Matt Corrente 0 1 1 2 0 3 2 2 1 2 0/0 26:11 6:33 3:32
Morgan Rielly 0 1 1 1 0 0 0 3 1 0 0/0 16:45 3:36 2:25
Paul Ladue 0 1 1 1 0 0 0 1 1 0 0/0 13:37 0:00 0:00
T.J Galiardi 1 2 3 2 0 4 3 2 2 1 4/4 18:54 5:38 1:28
Teuvo Teravainen 0 0 0 0 2 4 1 0 0 0 1/2 15:08 0:04 0:00
Tim Erixon 0 0 0 1 0 1 2 1 0 0 0/0 16:24 3:36 2:25
Tom Kuhnhackl 0 0 0 1 0 0 0 0 0 0 0/0 7:23 0:00 0:00
3 Stars
1 - Beau Bennett (VJB)
2 - T.J Galiardi (VJB)
3 - Scott Parse (TRO)
Power Play
Thunder - 0 on 3 Attempt(s) - 0.00%
Influenza - 1 on 7 Attempt(s) - 14.29%
Penalty Kill
Thunder - 6 on 7 Attempt(s) - 85.71%
- Score 0 goal in Penalty Kill
Influenza - 3 on 3 Attempt(s) - 100.00%
- Score 0 goal in Penalty Kill
Team Stat
Thunder - Hits : 11 - Faceoff Wins : 23 - Blocked Shots : 13 - Penalty Minutes : 12
Influenza - Hits : 22 - Faceoff Wins : 40 - Blocked Shots : 11 - Penalty Minutes : 6
Official
Referees : Joannette Marc and Morton Dean
Linesman : Steve Barton and Tony Sericolo
Game Notes
12:44 of 2nd period - Penalty Shot by Scott Parse for Thunder - Goal!
Finance
Level 1 -- Attendance: 1374 (68.70%) -- Ticket Income $54,960
Level 2 -- Attendance: 784 (78.40%) -- Ticket Income $15,680
Total Attendance: 2158 (71.93%)
Total Ticket Income: $70,640
Other Income: $3,532
Total Income: $74,172
Thunder
5 vs 5 Forward
Center Left Wing Right Wing Time % Phy DF OF
1 Melker Karlsson Scott Parse Adam Hall 40 1 2 2
2 Daultan Leveillé Dany Roussin Pierre-Alexandre Parentea30 1 2 2
3 Evgeny Kuznetsov David Wolf Mark Stone 20 1 2 2
4 Joe Labate Nikolay Prokhorkin Jared Staal 10 1 2 2
5 vs 5 Defense
Defense Defense Time % Phy DF OF
1 David Fischer Roman Josi 40 1 2 2
2 Joey Ryan Dougie Hamilton 30 1 2 2
3 Brett Festerling Ludwig Bystrom 20 1 2 2
4 Peter Andersson Gianluca Curcuruto 10 1 2 2
PowerPlay Forward
Center Left Wing Right Wing Time % Phy DF OF
1 Melker Karlsson Scott Parse Adam Hall 60 1 2 2
2 Daultan Leveillé Dany Roussin Pierre-Alexandre Parentea40 1 2 2
PowerPlay Defense
Defense Defense Time % Phy DF OF
1 David Fischer Roman Josi 60 1 2 2
2 Joey Ryan Dougie Hamilton 40 1 2 2
Penalty Kill 4 Players Forward
Center Wing Time % Phy DF OF
1 Scott Parse Dany Roussin 60 1 2 2
2 Adam Hall Pierre-Alexandre Parentea40 1 2 2
Penalty Kill 4 Players Defense
Defense Defense Time % Phy DF OF
1 David Fischer Roman Josi 60 1 2 2
2 Joey Ryan Dougie Hamilton 40 1 2 2
Penalty Kill - 3 Players Forward
Forward Time % Phy DF OF
1 Scott Parse 60 1 2 2
2 Dany Roussin 40 1 2 2
Penalty Kill - 3 Players Defense
Defense Defense Time % Phy DF OF
1 David Fischer Roman Josi 60 1 2 2
2 Joey Ryan Dougie Hamilton 40 1 2 2
4 vs 4 Forward
Center Wing Time % Phy DF OF
1 Scott Parse Dany Roussin 60 1 2 2
2 Adam Hall Pierre-Alexandre Parentea40 1 2 2
4 vs 4 Defense
Defense Defense Time % Phy DF OF
1 David Fischer Roman Josi 60 1 2 2
2 Joey Ryan Dougie Hamilton 40 1 2 2
Last Minutes Offensive
Center Left Wing Right Wing Defense Defense
Melker Karlsson Scott Parse Adam Hall David Fischer Roman Josi
Last Minutes Defensive
Center Left Wing Right Wing Defense Defense
Melker Karlsson Scott Parse Adam Hall David Fischer Roman Josi
Goaltenders
Starting : Devan Dubnyk
Backup : Niklas Treutle
Extra Forwards
Normal : Thomas Spelling, Zach Stepan, Austin Wuthrich - PP : Thomas Spelling, Zach Stepan - PK : Austin Wuthrich
Extra Defensemen
Normal : Brett Festerling, Ludwig Bystrom, Peter Andersson - PP : Brett Festerling - PK : Ludwig Bystrom, Peter Andersson
Penalty Shots
Scott Parse, Dany Roussin, Adam Hall, Pierre-Alexandre Parenteau, Melker Karlsson
Scratches
Dalton Smith (Fractured Metatarsal (Right Foot) Injury)
Influenza
5 vs 5 Forward
Center Left Wing Right Wing Time % Phy DF OF
1 Mark Scheifele Teuvo Teravainen Jeremy Morin 40 1 2 2
2 Charlie Coyle T.J Galiardi Beau Bennett 30 1 2 2
3 Mark Olver Jimmy Vesey Iiro Pakarinen 20 1 2 2
4 Jordan Schroeder Lane MacDermid Tom Kuhnhackl 10 1 2 2
5 vs 5 Defense
Defense Defense Time % Phy DF OF
1 Mathieu Carle Dmitry Sinitsyn 40 1 2 2
2 Paul Ladue Matt Corrente 30 1 2 2
3 Morgan Rielly Tim Erixon 20 1 2 2
4 Mathieu Carle Matt Corrente 10 1 2 2
PowerPlay Forward
Center Left Wing Right Wing Time % Phy DF OF
1 Charlie Coyle T.J Galiardi Jeremy Morin 60 1 2 2
2 Mark Scheifele Lane MacDermid Beau Bennett 40 1 2 2
PowerPlay Defense
Defense Defense Time % Phy DF OF
1 Mathieu Carle Matt Corrente 60 1 2 2
2 Tim Erixon Morgan Rielly 40 1 2 2
Penalty Kill 4 Players Forward
Center Wing Time % Phy DF OF
1 Mark Scheifele Jeremy Morin 60 1 2 2
2 T.J Galiardi Charlie Coyle 40 1 2 2
Penalty Kill 4 Players Defense
Defense Defense Time % Phy DF OF
1 Mathieu Carle Matt Corrente 60 1 2 2
2 Tim Erixon Morgan Rielly 40 1 2 2
Penalty Kill - 3 Players Forward
Forward Time % Phy DF OF
1 Mark Scheifele 60 1 2 2
2 Jeremy Morin 40 1 2 2
Penalty Kill - 3 Players Defense
Defense Defense Time % Phy DF OF
1 Mathieu Carle Matt Corrente 60 1 2 2
2 Tim Erixon Morgan Rielly 40 1 2 2
4 vs 4 Forward
Center Wing Time % Phy DF OF
1 Mark Scheifele Jeremy Morin 60 1 2 2
2 T.J Galiardi Charlie Coyle 40 1 2 2
4 vs 4 Defense
Defense Defense Time % Phy DF OF
1 Mathieu Carle Matt Corrente 60 1 2 2
2 Tim Erixon Morgan Rielly 40 1 2 2
Last Minutes Offensive
Center Left Wing Right Wing Defense Defense
Mark Scheifele T.J Galiardi Jeremy Morin Mathieu Carle Matt Corrente
Last Minutes Defensive
Center Left Wing Right Wing Defense Defense
Charlie Coyle T.J Galiardi Jeremy Morin Mathieu Carle Matt Corrente
Goaltenders
Starting : Thomas McCollum
Backup : Tyson Sexsmith
Extra Forwards
Normal : Mark Scheifele, Beau Bennett, Jimmy Vesey - PP : Mark Scheifele, Beau Bennett - PK : Jimmy Vesey
Extra Defensemen
Normal : Morgan Rielly, Dmitry Sinitsyn, Tim Erixon - PP : Morgan Rielly - PK : Dmitry Sinitsyn, Tim Erixon
Penalty Shots
Mark Scheifele, Jeremy Morin, T.J Galiardi, Charlie Coyle, Mark Olver
Scratches
Jacob Josefson (Healthy), Jamie Devane (Healthy), Freddie Hamilton (Healthy), Jeff May (Healthy), Johan Larsson (Healthy)
Fredric Larsson (Healthy), Oskars Bartulis (Healthy), Ryan Sproul (Healthy), Josh Andrerson (Healthy), Jesse Graham (Healthy)
Colton Sceviour (Healthy), Nikita Gusev (Healthy), T.J Brodie (Healthy), Jamie Phillips (Healthy)
% Time on Ice - Thunder
Lines # - Real PCT - Wanted PCT - Time Play
Normal Forward
1 - 36% - 40% - 15:59
2 - 27% - 30% - 11:43
3 - 21% - 20% - 9:19
4 - 16% - 10% - 6:53
Normal Defense
1 - 44% - 40% - 19:31
2 - 29% - 30% - 12:52
3 - 16% - 20% - 7:01
4 - 10% - 10% - 4:30
PP Forward
1 - 55% - 60% - 3:17
2 - 45% - 40% - 2:40
PP Defense
1 - 61% - 60% - 3:36
2 - 39% - 40% - 2:21
PK Forward
1 - 81% - 60% - 8:16
2 - 19% - 40% - 1:53
PK Defense
1 - 61% - 60% - 6:10
2 - 39% - 40% - 3:59
PK3 Forward
1 - 0% - 60%
2 - 0% - 40%
PK3 Defense
1 - 0% - 60%
2 - 0% - 40%
44 Forward
1 - 0% - 60%
2 - 0% - 40%
44 Defense
1 - 0% - 60%
2 - 0% - 40%
Last Minute Offensive - 0:00
Last Minute Defensive - 0:00
Total
Forward - 60:00
Defense - 60:00
|
% Time on Ice - Influenza
Lines # - Real PCT - Wanted PCT - Time Play
Normal Forward
1 - 33% - 40% - 14:32
2 - 27% - 30% - 11:48
3 - 23% - 20% - 10:11
4 - 17% - 10% - 7:23
Normal Defense
1 - 42% - 40% - 18:19
2 - 32% - 30% - 14:13
3 - 22% - 20% - 9:47
4 - 4% - 10% - 1:35
PP Forward
1 - 56% - 60% - 5:42
2 - 44% - 40% - 4:27
PP Defense
1 - 65% - 60% - 6:33
2 - 35% - 40% - 3:36
PK Forward
1 - 75% - 60% - 4:29
2 - 25% - 40% - 1:28
PK Defense
1 - 59% - 60% - 3:32
2 - 41% - 40% - 2:25
PK3 Forward
1 - 0% - 60%
2 - 0% - 40%
PK3 Defense
1 - 0% - 60%
2 - 0% - 40%
44 Forward
1 - 0% - 60%
2 - 0% - 40%
44 Defense
1 - 0% - 60%
2 - 0% - 40%
Last Minute Offensive - 0:00
Last Minute Defensive - 0:00
Total
Forward - 60:00
Defense - 60:00
|
Play by Play
1st period
0:01 of 1st period - Melker Karlsson wins face-off versus Teuvo Teravainen in neutral zone.
2:01 of 1st period - Icing by Daultan Leveillé.
2:02 of 1st period - Mark Olver wins face-off versus Daultan Leveillé in Thunder zone.
2:21 of 1st period - Wrist shot by Dany Roussin.
2:21 of 1st period - Shot Misses the Net.
2:23 of 1st period - Snap shot by Daultan Leveillé.
2:23 of 1st period - Shot Blocked by Morgan Rielly.
2:25 of 1st period - Slapshot by Ludwig Bystrom.
2:25 of 1st period - Stopped by Thomas McCollum without a rebound.
2:26 of 1st period - Melker Karlsson wins face-off versus Mark Scheifele in Influenza zone.
2:31 of 1st period - Roman Josi is hit by Mark Scheifele and loses puck.
2:42 of 1st period - Snap shot by Melker Karlsson.
2:42 of 1st period - Deflect By Scott Parse.
2:42 of 1st period - Stopped by Thomas McCollum with a rebound.
3:02 of 1st period - Slapshot by T.J Galiardi.
3:02 of 1st period - Deflect By Beau Bennett.
3:02 of 1st period - Shot Blocked by Roman Josi.
3:02 of 1st period - Puck is out of play.
3:03 of 1st period - T.J Galiardi wins face-off versus Melker Karlsson in Thunder zone.
3:06 of 1st period - Snap shot by Beau Bennett.
3:06 of 1st period - Shot Blocked by Scott Parse.
3:22 of 1st period - Scott Parse is hit by T.J Galiardi and loses puck.
3:58 of 1st period - Wrist shot by Mark Olver.
3:58 of 1st period - Shot Blocked by Peter Andersson.
4:22 of 1st period - Slapshot by Mathieu Carle.
4:22 of 1st period - Stopped by Devan Dubnyk without a rebound.
4:23 of 1st period - Melker Karlsson wins face-off versus Mark Scheifele in Thunder zone.
4:30 of 1st period - Snap shot by Adam Hall.
4:30 of 1st period - Shot Misses the Net.
5:01 of 1st period - Slapshot by Dany Roussin.
5:01 of 1st period - Stopped by Thomas McCollum without a rebound.
5:02 of 1st period - Mark Olver wins face-off versus Evgeny Kuznetsov in Influenza zone.
5:17 of 1st period - Snap shot by Mark Stone.
5:17 of 1st period - Shot Misses the Net.
6:17 of 1st period - Wrist shot by Jordan Schroeder.
6:17 of 1st period - Stopped by Devan Dubnyk without a rebound.
6:18 of 1st period - Mark Scheifele wins face-off versus Melker Karlsson in Thunder zone.
6:21 of 1st period - Wrist shot by Mark Scheifele.
6:21 of 1st period - Deflect By Dougie Hamilton.
6:21 of 1st period - Stopped by Devan Dubnyk without a rebound.
6:22 of 1st period - Mark Scheifele wins face-off versus Melker Karlsson in Thunder zone.
6:29 of 1st period - Wrist shot by Jeremy Morin.
6:29 of 1st period - Stopped by Devan Dubnyk without a rebound.
6:30 of 1st period - Mark Scheifele wins face-off versus Adam Hall in Thunder zone.
6:31 of 1st period - Snap shot by Jeremy Morin.
6:31 of 1st period - Stopped by Devan Dubnyk with a rebound.
6:33 of 1st period - Slapshot by Dmitry Sinitsyn.
6:33 of 1st period - Stopped by Devan Dubnyk with a rebound.
6:35 of 1st period - Snap shot by Mathieu Carle.
6:35 of 1st period - Shot Blocked by Roman Josi.
6:37 of 1st period - Wrist shot by Mark Scheifele.
6:37 of 1st period - Shot Blocked by David Fischer.
6:39 of 1st period - Snap shot by Jeremy Morin.
6:39 of 1st period - Shot Blocked by David Fischer.
6:51 of 1st period - Minor Penalty to Scott Parse for Roughing.
6:52 of 1st period - Austin Wuthrich wins face-off versus Charlie Coyle in Thunder zone.
7:51 of 1st period - Slapshot by Adam Hall.
7:51 of 1st period - Shot Misses the Net.
7:57 of 1st period - Roman Josi is hit by Tim Erixon and loses puck.
8:36 of 1st period - Matt Corrente is hit by David Wolf and loses puck.
8:51 of 1st period - Penalty to Scott Parse is over, Scott Parse is back on ice.
9:19 of 1st period - Wrist shot by Joey Ryan.
9:19 of 1st period - Stopped by Thomas McCollum without a rebound.
9:20 of 1st period - Joe Labate wins face-off versus Jordan Schroeder in Influenza zone.
9:35 of 1st period - Slapshot by Brett Festerling.
9:35 of 1st period - Stopped by Thomas McCollum with a rebound.
9:45 of 1st period - Slapshot by Teuvo Teravainen.
9:45 of 1st period - Stopped by Devan Dubnyk with a rebound.
9:47 of 1st period - Slapshot by Tim Erixon.
9:47 of 1st period - Shot Blocked by Scott Parse.
10:27 of 1st period - Minor Penalty to Dmitry Sinitsyn for Hooking.
10:28 of 1st period - Adam Hall wins face-off versus Mark Scheifele in Influenza zone.
10:33 of 1st period - Snap shot by Melker Karlsson.
10:33 of 1st period - Shot Misses the Net.
10:35 of 1st period - Slapshot by David Fischer.
10:35 of 1st period - Shot Misses the Net.
10:41 of 1st period - Wrist shot by Scott Parse.
10:41 of 1st period - Stopped by Thomas McCollum without a rebound.
10:42 of 1st period - Mark Scheifele wins face-off versus Melker Karlsson in Influenza zone.
10:51 of 1st period - Matt Corrente is hit by Scott Parse and loses puck.
11:16 of 1st period - Dougie Hamilton is hit by T.J Galiardi and loses puck.
12:27 of 1st period - Penalty to Dmitry Sinitsyn is over, Dmitry Sinitsyn is back on ice.
12:34 of 1st period - Evgeny Kuznetsov is hit by Iiro Pakarinen and loses puck.
12:57 of 1st period - Slapshot by Roman Josi.
12:57 of 1st period - Stopped by Thomas McCollum without a rebound.
12:58 of 1st period - Evgeny Kuznetsov wins face-off versus Jordan Schroeder in Influenza zone.
13:01 of 1st period - Snap shot by Evgeny Kuznetsov.
13:01 of 1st period - Shot Blocked by Paul Ladue.
13:05 of 1st period - Snap shot by Evgeny Kuznetsov.
13:05 of 1st period - Stopped by Thomas McCollum without a rebound.
13:06 of 1st period - Evgeny Kuznetsov wins face-off versus Jordan Schroeder in Influenza zone.
13:56 of 1st period - Backhand shot by Adam Hall.
13:56 of 1st period - Shot Misses the Net.
14:06 of 1st period - Scott Parse is hit by Lane MacDermid.
14:26 of 1st period - Slapshot by Roman Josi.
14:26 of 1st period - Stopped by Thomas McCollum without a rebound.
14:27 of 1st period - Daultan Leveillé wins face-off versus Charlie Coyle in Influenza zone.
14:28 of 1st period - Snap shot by Dany Roussin.
14:28 of 1st period - Shot Blocked by T.J Galiardi.
14:36 of 1st period - Snap shot by Dany Roussin.
14:36 of 1st period - Stopped by Thomas McCollum with a rebound.
14:58 of 1st period - Minor Penalty to Jeremy Morin for Holding.
14:59 of 1st period - Melker Karlsson wins face-off versus Mark Scheifele in Influenza zone.
15:00 of 1st period - Snap shot by Adam Hall.
15:00 of 1st period - Stopped by Thomas McCollum without a rebound.
15:01 of 1st period - Mark Scheifele wins face-off versus Melker Karlsson in Influenza zone.
15:01 of 1st period - Mark Scheifele is hit by David Fischer.
15:27 of 1st period - Wrist shot by Mark Scheifele.
15:27 of 1st period - Shot Misses the Net.
15:29 of 1st period - Slapshot by Lane MacDermid.
15:29 of 1st period - Shot Misses the Net.
15:58 of 1st period - T.J Galiardi is hit by Scott Parse and loses puck.
16:32 of 1st period - Icing by Pierre-Alexandre Parenteau.
16:33 of 1st period - Mark Scheifele wins face-off versus Daultan Leveillé in Thunder zone.
16:58 of 1st period - Penalty to Jeremy Morin is over, Jeremy Morin is back on ice.
17:04 of 1st period - Off-side.
17:05 of 1st period - Charlie Coyle wins face-off versus Evgeny Kuznetsov in neutral zone.
17:10 of 1st period - Snap shot by Beau Bennett.
17:10 of 1st period - Stopped by Devan Dubnyk without a rebound.
17:11 of 1st period - Charlie Coyle wins face-off versus Melker Karlsson in Thunder zone.
17:12 of 1st period - Slapshot by Beau Bennett.
17:12 of 1st period - Shot Blocked by Melker Karlsson.
17:45 of 1st period - Wrist shot by Evgeny Kuznetsov.
17:45 of 1st period - Stopped by Thomas McCollum with a rebound.
17:47 of 1st period - Slapshot by David Fischer.
17:47 of 1st period - Stopped by Thomas McCollum without a rebound.
17:48 of 1st period - Melker Karlsson wins face-off versus Mark Scheifele in Influenza zone.
17:59 of 1st period - Slapshot by Mark Scheifele.
17:59 of 1st period - Shot Misses the Net.
18:01 of 1st period - Slapshot by Mark Scheifele.
18:01 of 1st period - Shot Misses the Net.
18:03 of 1st period - Snap shot by Teuvo Teravainen.
18:03 of 1st period - Stopped by Devan Dubnyk with a rebound.
18:13 of 1st period - Iiro Pakarinen is hit by Pierre-Alexandre Parenteau and loses puck.
18:24 of 1st period - Snap shot by Pierre-Alexandre Parenteau.
18:24 of 1st period - Shot Misses the Net.
18:38 of 1st period - Joey Ryan is hit by Matt Corrente and loses puck.
18:57 of 1st period - Slapshot by Adam Hall.
18:57 of 1st period - Stopped by Thomas McCollum without a rebound.
18:58 of 1st period - Melker Karlsson wins face-off versus Charlie Coyle in Influenza zone.
19:03 of 1st period - Slapshot by Adam Hall.
19:03 of 1st period - Shot Blocked by T.J Galiardi.
19:05 of 1st period - Wrist shot by Scott Parse.
19:05 of 1st period - Goal by Scott Parse - Thunder : 1 - Influenza : 0.
19:06 of 1st period - Mark Scheifele wins face-off versus Melker Karlsson in neutral zone.
19:59 of 1st period - Slapshot by Roman Josi.
19:59 of 1st period - Shot Misses the Net.
Goals for this period are 1 for Thunder vs 0 for Influenza.
Shots for this period are 15 for Thunder vs 9 for Influenza.
2nd period
0:01 of 2nd period - Melker Karlsson wins face-off versus Jeremy Morin in neutral zone.
0:33 of 2nd period - Slapshot by Dany Roussin.
0:33 of 2nd period - Stopped by Thomas McCollum without a rebound.
0:34 of 2nd period - Charlie Coyle wins face-off versus Daultan Leveillé in Influenza zone.
0:43 of 2nd period - Slapshot by Matt Corrente.
0:43 of 2nd period - Deflect By T.J Galiardi.
0:43 of 2nd period - Goal by T.J Galiardi - Thunder : 1 - Influenza : 1.
0:44 of 2nd period - Teuvo Teravainen wins face-off versus Melker Karlsson in neutral zone.
0:53 of 2nd period - Snap shot by Mark Scheifele.
0:53 of 2nd period - Shot Misses the Net.
0:55 of 2nd period - Wrist shot by Jeremy Morin.
0:55 of 2nd period - Deflect By Teuvo Teravainen.
0:55 of 2nd period - Shot Misses the Net.
0:55 of 2nd period - Puck is out of play.
0:56 of 2nd period - Melker Karlsson wins face-off versus Mark Scheifele in Thunder zone.
1:04 of 2nd period - Off-side.
1:05 of 2nd period - Melker Karlsson wins face-off versus Mark Scheifele in neutral zone.
1:14 of 2nd period - Wrist shot by Scott Parse.
1:14 of 2nd period - Stopped by Thomas McCollum with a rebound.
1:30 of 2nd period - Wrist shot by Adam Hall.
1:30 of 2nd period - Shot Blocked by Mathieu Carle.
1:34 of 2nd period - Snap shot by Scott Parse.
1:34 of 2nd period - Shot Misses the Net.
1:46 of 2nd period - David Fischer is hit by Mark Scheifele and loses puck.
1:59 of 2nd period - Slapshot by Mathieu Carle.
1:59 of 2nd period - Shot Misses the Net.
2:20 of 2nd period - Snap shot by Scott Parse.
2:20 of 2nd period - Stopped by Thomas McCollum with a rebound.
2:22 of 2nd period - Slapshot by Melker Karlsson.
2:22 of 2nd period - Shot Misses the Net.
2:34 of 2nd period - Snap shot by Melker Karlsson.
2:34 of 2nd period - Shot Misses the Net.
2:44 of 2nd period - Snap shot by Adam Hall.
2:44 of 2nd period - Stopped by Thomas McCollum with a rebound.
2:46 of 2nd period - Slapshot by David Fischer.
2:46 of 2nd period - Deflect By Adam Hall.
2:46 of 2nd period - Shot Misses the Net.
2:46 of 2nd period - Puck is out of play.
2:47 of 2nd period - Charlie Coyle wins face-off versus Daultan Leveillé in Influenza zone.
3:14 of 2nd period - Joey Ryan is hit by Matt Corrente and loses puck.
4:03 of 2nd period - Tim Erixon is hit by Nikolay Prokhorkin and loses puck.
4:12 of 2nd period - Snap shot by Jared Staal.
4:12 of 2nd period - Deflect By Joe Labate.
4:12 of 2nd period - Shot Blocked by Morgan Rielly.
4:12 of 2nd period - Puck is out of play.
4:13 of 2nd period - Mark Olver wins face-off versus Daultan Leveillé in Influenza zone.
5:08 of 2nd period - Snap shot by T.J Galiardi.
5:08 of 2nd period - Shot Misses the Net.
6:50 of 2nd period - Snap shot by Mark Olver.
6:50 of 2nd period - Stopped by Devan Dubnyk with a rebound.
6:52 of 2nd period - Wrist shot by Tim Erixon.
6:52 of 2nd period - Stopped by Devan Dubnyk with a rebound.
6:54 of 2nd period - Snap shot by Mark Olver.
6:54 of 2nd period - Stopped by Devan Dubnyk with a rebound.
7:18 of 2nd period - Snap shot by Lane MacDermid.
7:18 of 2nd period - Stopped by Devan Dubnyk without a rebound.
7:19 of 2nd period - Jordan Schroeder wins face-off versus Joe Labate in Thunder zone.
7:24 of 2nd period - Wrist shot by Lane MacDermid.
7:24 of 2nd period - Deflect By Dougie Hamilton.
7:24 of 2nd period - Shot Misses the Net.
7:24 of 2nd period - Puck is out of play.
7:25 of 2nd period - Jordan Schroeder wins face-off versus Melker Karlsson in Thunder zone.
7:32 of 2nd period - Slapshot by Mathieu Carle.
7:32 of 2nd period - Shot Blocked by Melker Karlsson.
8:52 of 2nd period - Slapshot by Mathieu Carle.
8:52 of 2nd period - Shot Misses the Net.
8:54 of 2nd period - Slapshot by Jeremy Morin.
8:54 of 2nd period - Shot Misses the Net.
8:56 of 2nd period - Snap shot by Teuvo Teravainen.
8:56 of 2nd period - Shot Misses the Net.
8:58 of 2nd period - Wrist shot by Jeremy Morin.
8:58 of 2nd period - Shot Blocked by Ludwig Bystrom.
9:00 of 2nd period - Slapshot by Mathieu Carle.
9:00 of 2nd period - Stopped by Devan Dubnyk with a rebound.
9:02 of 2nd period - Snap shot by Mark Scheifele.
9:02 of 2nd period - Shot Misses the Net.
9:33 of 2nd period - Icing by Matt Corrente.
9:34 of 2nd period - Jordan Schroeder wins face-off versus Evgeny Kuznetsov in Influenza zone.
9:41 of 2nd period - Snap shot by Jeremy Morin.
9:41 of 2nd period - Shot Blocked by Roman Josi.
9:43 of 2nd period - Wrist shot by Jeremy Morin.
9:43 of 2nd period - Shot Misses the Net.
9:45 of 2nd period - Slapshot by Matt Corrente.
9:45 of 2nd period - Deflect By Evgeny Kuznetsov.
9:45 of 2nd period - Stopped by Devan Dubnyk with a rebound.
9:47 of 2nd period - Snap shot by Mark Scheifele.
9:47 of 2nd period - Stopped by Devan Dubnyk without a rebound.
9:48 of 2nd period - Mark Scheifele wins face-off versus Melker Karlsson in Thunder zone.
9:49 of 2nd period - Wrist shot by Teuvo Teravainen.
9:49 of 2nd period - Stopped by Devan Dubnyk with a rebound.
10:39 of 2nd period - Slapshot by Jimmy Vesey.
10:39 of 2nd period - Shot Misses the Net.
10:41 of 2nd period - Snap shot by Mark Olver.
10:41 of 2nd period - Stopped by Devan Dubnyk with a rebound.
10:43 of 2nd period - Snap shot by Jimmy Vesey.
10:43 of 2nd period - Shot Misses the Net.
10:45 of 2nd period - Slapshot by Morgan Rielly.
10:45 of 2nd period - Shot Misses the Net.
10:47 of 2nd period - Snap shot by Mark Olver.
10:47 of 2nd period - Stopped by Devan Dubnyk with a rebound.
10:49 of 2nd period - Snap shot by Iiro Pakarinen.
10:49 of 2nd period - Goal by Iiro Pakarinen - Thunder : 1 - Influenza : 2.
10:50 of 2nd period - Mark Scheifele wins face-off versus Melker Karlsson in neutral zone.
11:16 of 2nd period - Pierre-Alexandre Parenteau is hit by T.J Galiardi and loses puck.
11:45 of 2nd period - David Wolf is hit by Tim Erixon and loses puck.
12:02 of 2nd period - Snap shot by Joe Labate.
12:02 of 2nd period - Stopped by Thomas McCollum without a rebound.
12:03 of 2nd period - Joe Labate wins face-off versus Mark Scheifele in Influenza zone.
12:44 of 2nd period - Penalty Shot by Scott Parse for Thunder.
12:44 of 2nd period - Snap shot by Scott Parse.
12:44 of 2nd period - Goal by Scott Parse - Thunder : 2 - Influenza : 2.
12:45 of 2nd period - Mark Scheifele wins face-off versus Melker Karlsson in neutral zone.
12:46 of 2nd period - Mark Scheifele wins face-off versus Melker Karlsson in Thunder zone.
12:59 of 2nd period - Snap shot by Jeremy Morin.
12:59 of 2nd period - Shot Misses the Net.
13:07 of 2nd period - Minor Penalty to Adam Hall for Slashing.
13:08 of 2nd period - Charlie Coyle wins face-off versus Scott Parse in Thunder zone.
13:13 of 2nd period - Snap shot by T.J Galiardi.
13:13 of 2nd period - Stopped by Devan Dubnyk with a rebound.
13:17 of 2nd period - Slapshot by Mathieu Carle.
13:17 of 2nd period - Stopped by Devan Dubnyk without a rebound.
13:18 of 2nd period - Charlie Coyle wins face-off versus Scott Parse in Thunder zone.
13:31 of 2nd period - Snap shot by T.J Galiardi.
13:31 of 2nd period - Stopped by Devan Dubnyk with a rebound.
13:33 of 2nd period - Slapshot by Mathieu Carle.
13:33 of 2nd period - Stopped by Devan Dubnyk with a rebound.
13:35 of 2nd period - Slapshot by Matt Corrente.
13:35 of 2nd period - Stopped by Devan Dubnyk without a rebound.
13:36 of 2nd period - Mark Scheifele wins face-off versus Scott Parse in Thunder zone.
13:41 of 2nd period - Snap shot by Beau Bennett.
13:41 of 2nd period - Deflect By Mark Scheifele.
13:41 of 2nd period - Goal by Mark Scheifele - Thunder : 2 - Influenza : 3.
13:42 of 2nd period - Daultan Leveillé wins face-off versus Mark Scheifele in neutral zone.
13:59 of 2nd period - Pierre-Alexandre Parenteau is hit by Jeremy Morin and loses puck.
14:11 of 2nd period - Off-side.
14:12 of 2nd period - T.J Galiardi wins face-off versus Adam Hall in neutral zone.
14:27 of 2nd period - Slapshot by Dougie Hamilton.
14:27 of 2nd period - Stopped by Thomas McCollum with a rebound.
15:06 of 2nd period - Off-side.
15:07 of 2nd period - Mark Scheifele wins face-off versus Melker Karlsson in neutral zone.
15:20 of 2nd period - Wrist shot by Adam Hall.
15:20 of 2nd period - Stopped by Thomas McCollum without a rebound.
15:21 of 2nd period - Daultan Leveillé wins face-off versus Mark Scheifele in Influenza zone.
15:28 of 2nd period - Mark Scheifele is hit by Daultan Leveillé and loses puck.
15:34 of 2nd period - Off-side.
15:35 of 2nd period - Mark Scheifele wins face-off versus Melker Karlsson in neutral zone.
15:43 of 2nd period - Minor Penalty to Scott Parse for Hooking.
15:44 of 2nd period - Charlie Coyle wins face-off versus Austin Wuthrich in Thunder zone.
15:54 of 2nd period - Slapshot by Roman Josi.
15:54 of 2nd period - Shot Misses the Net.
15:56 of 2nd period - Slapshot by Roman Josi.
15:56 of 2nd period - Shot Blocked by Matt Corrente.
15:58 of 2nd period - Slapshot by David Fischer.
15:58 of 2nd period - Stopped by Thomas McCollum with a rebound.
16:00 of 2nd period - Slapshot by Roman Josi.
16:00 of 2nd period - Shot Blocked by Matt Corrente.
17:43 of 2nd period - Penalty to Scott Parse is over, Scott Parse is back on ice.
17:46 of 2nd period - Slapshot by Iiro Pakarinen.
17:46 of 2nd period - Stopped by Devan Dubnyk with a rebound.
17:59 of 2nd period - Brett Festerling is hit by Mark Olver and loses puck.
18:06 of 2nd period - Snap shot by Dany Roussin.
18:06 of 2nd period - Stopped by Thomas McCollum without a rebound.
18:07 of 2nd period - Jordan Schroeder wins face-off versus Jared Staal in Influenza zone.
18:07 of 2nd period - Jordan Schroeder is hit by Joe Labate.
18:20 of 2nd period - Minor Penalty to Jared Staal for Hooking.
18:21 of 2nd period - Charlie Coyle wins face-off versus Scott Parse in Thunder zone.
Goals for this period are 1 for Thunder vs 3 for Influenza.
Shots for this period are 9 for Thunder vs 19 for Influenza.
3rd period
0:01 of 3rd period - Scott Parse wins face-off versus Charlie Coyle in neutral zone.
0:20 of 3rd period - Penalty to Jared Staal is over, Jared Staal is back on ice.
0:26 of 3rd period - Scott Parse is hit by Lane MacDermid and loses puck.
0:50 of 3rd period - Off-side.
0:51 of 3rd period - Mark Olver wins face-off versus Evgeny Kuznetsov in neutral zone.
1:16 of 3rd period - Mathieu Carle is hit by Joe Labate and loses puck.
2:52 of 3rd period - Snap shot by Beau Bennett.
2:52 of 3rd period - Stopped by Devan Dubnyk with a rebound.
2:54 of 3rd period - Slapshot by Dmitry Sinitsyn.
2:54 of 3rd period - Shot Misses the Net.
3:17 of 3rd period - Slapshot by Jordan Schroeder.
3:17 of 3rd period - Shot Blocked by David Fischer.
3:29 of 3rd period - Morgan Rielly is hit by David Fischer and loses puck.
3:46 of 3rd period - Snap shot by David Fischer.
3:46 of 3rd period - Stopped by Thomas McCollum with a rebound.
3:52 of 3rd period - Daultan Leveillé is hit by Mark Scheifele and loses puck.
4:05 of 3rd period - David Fischer is hit by Beau Bennett and loses puck.
4:12 of 3rd period - Snap shot by Beau Bennett.
4:12 of 3rd period - Shot Blocked by Roman Josi.
4:14 of 3rd period - Wrist shot by Beau Bennett.
4:14 of 3rd period - Goal by Beau Bennett - Thunder : 2 - Influenza : 4.
4:15 of 3rd period - Mark Scheifele wins face-off versus Melker Karlsson in neutral zone.
4:20 of 3rd period - Wrist shot by Mark Scheifele.
4:20 of 3rd period - Stopped by Devan Dubnyk with a rebound.
4:22 of 3rd period - Backhand shot by Mathieu Carle.
4:22 of 3rd period - Shot Misses the Net.
4:24 of 3rd period - Snap shot by Mathieu Carle.
4:24 of 3rd period - Deflect By Teuvo Teravainen.
4:24 of 3rd period - Stopped by Devan Dubnyk without a rebound.
4:25 of 3rd period - Melker Karlsson wins face-off versus Mark Scheifele in Thunder zone.
4:41 of 3rd period - Minor Penalty to Teuvo Teravainen for Interference.
4:42 of 3rd period - Mark Scheifele wins face-off versus Melker Karlsson in Influenza zone.
5:17 of 3rd period - Slapshot by Pierre-Alexandre Parenteau.
5:17 of 3rd period - Shot Misses the Net.
5:19 of 3rd period - Snap shot by Pierre-Alexandre Parenteau.
5:19 of 3rd period - Stopped by Thomas McCollum without a rebound.
5:20 of 3rd period - T.J Galiardi wins face-off versus Melker Karlsson in Influenza zone.
6:41 of 3rd period - Penalty to Teuvo Teravainen is over, Teuvo Teravainen is back on ice.
6:59 of 3rd period - Snap shot by Beau Bennett.
6:59 of 3rd period - Goal by Beau Bennett - Thunder : 2 - Influenza : 5.
7:00 of 3rd period - Mark Scheifele wins face-off versus Melker Karlsson in neutral zone.
7:09 of 3rd period - Wrist shot by Melker Karlsson.
7:09 of 3rd period - Shot Misses the Net.
7:13 of 3rd period - Snap shot by Adam Hall.
7:13 of 3rd period - Shot Blocked by Jeremy Morin.
7:15 of 3rd period - Slapshot by Dougie Hamilton.
7:15 of 3rd period - Shot Blocked by Tim Erixon.
7:30 of 3rd period - Joey Ryan is hit by Beau Bennett and loses puck.
7:51 of 3rd period - Snap shot by Mark Stone.
7:51 of 3rd period - Stopped by Thomas McCollum without a rebound.
7:52 of 3rd period - Iiro Pakarinen wins face-off versus Melker Karlsson in Influenza zone.
7:59 of 3rd period - David Fischer is hit by Jimmy Vesey and loses puck.
8:18 of 3rd period - David Fischer is hit by Jimmy Vesey and loses puck.
8:33 of 3rd period - Slapshot by Jimmy Vesey.
8:33 of 3rd period - Shot Misses the Net.
8:59 of 3rd period - Snap shot by Pierre-Alexandre Parenteau.
8:59 of 3rd period - Goal by Pierre-Alexandre Parenteau - Thunder : 3 - Influenza : 5.
9:00 of 3rd period - Melker Karlsson wins face-off versus Mark Scheifele in neutral zone.
9:11 of 3rd period - Snap shot by Jeremy Morin.
9:11 of 3rd period - Shot Misses the Net.
9:13 of 3rd period - Slapshot by Jeremy Morin.
9:13 of 3rd period - Stopped by Devan Dubnyk with a rebound.
9:15 of 3rd period - Slapshot by Matt Corrente.
9:15 of 3rd period - Stopped by Devan Dubnyk with a rebound.
9:27 of 3rd period - Snap shot by Jordan Schroeder.
9:27 of 3rd period - Goal by Jordan Schroeder - Thunder : 3 - Influenza : 6.
9:28 of 3rd period - Mark Scheifele wins face-off versus Melker Karlsson in neutral zone.
10:18 of 3rd period - Slapshot by Roman Josi.
10:18 of 3rd period - Stopped by Thomas McCollum with a rebound.
10:31 of 3rd period - Minor Penalty to Evgeny Kuznetsov for High sticking.
10:32 of 3rd period - T.J Galiardi wins face-off versus Scott Parse in Thunder zone.
10:38 of 3rd period - Slapshot by T.J Galiardi.
10:38 of 3rd period - Stopped by Devan Dubnyk with a rebound.
12:12 of 3rd period - David Wolf is hit by Lane MacDermid and loses puck.
12:31 of 3rd period - Penalty to Evgeny Kuznetsov is over, Evgeny Kuznetsov is back on ice.
13:17 of 3rd period - Snap shot by Adam Hall.
13:17 of 3rd period - Shot Misses the Net.
13:19 of 3rd period - Snap shot by David Fischer.
13:19 of 3rd period - Stopped by Thomas McCollum with a rebound.
13:39 of 3rd period - Snap shot by Jared Staal.
13:39 of 3rd period - Shot Misses the Net.
14:08 of 3rd period - Dougie Hamilton is hit by Teuvo Teravainen and loses puck.
14:55 of 3rd period - T.J Galiardi is hit by Scott Parse and loses puck.
15:14 of 3rd period - Snap shot by Nikolay Prokhorkin.
15:14 of 3rd period - Shot Misses the Net.
15:16 of 3rd period - Slapshot by Roman Josi.
15:16 of 3rd period - Shot Hit the Post.
15:18 of 3rd period - Snap shot by Roman Josi.
15:18 of 3rd period - Stopped by Thomas McCollum with a rebound.
15:35 of 3rd period - Snap shot by Jordan Schroeder.
15:35 of 3rd period - Stopped by Devan Dubnyk with a rebound.
15:37 of 3rd period - Wrist shot by Jordan Schroeder.
15:37 of 3rd period - Shot Misses the Net.
16:22 of 3rd period - Off-side.
16:23 of 3rd period - Joe Labate wins face-off versus Mark Scheifele in neutral zone.
16:32 of 3rd period - Snap shot by Jared Staal.
16:32 of 3rd period - Shot Blocked by Morgan Rielly.
16:34 of 3rd period - Wrist shot by Nikolay Prokhorkin.
16:34 of 3rd period - Shot Misses the Net.
16:36 of 3rd period - Wrist shot by Jared Staal.
16:36 of 3rd period - Stopped by Thomas McCollum with a rebound.
16:38 of 3rd period - Wrist shot by Jared Staal.
16:38 of 3rd period - Shot Misses the Net.
17:59 of 3rd period - Slapshot by Mark Scheifele.
17:59 of 3rd period - Shot Misses the Net.
18:01 of 3rd period - Slapshot by Jeremy Morin.
18:01 of 3rd period - Shot Misses the Net.
18:11 of 3rd period - Pierre-Alexandre Parenteau is hit by Iiro Pakarinen and loses puck.
18:20 of 3rd period - Minor Penalty to Dany Roussin for Hooking.
18:21 of 3rd period - Scott Parse wins face-off versus Charlie Coyle in Thunder zone.
Goals for this period are 1 for Thunder vs 3 for Influenza.
Shots for this period are 8 for Thunder vs 10 for Influenza.
Back to the Top